AoeStats
← Drunk Gecko

MegaRandom

510364213Analyzed
2v2 RM · 1d ago on Sep 30, 2026· 88m 41s· 4 players
Game mode
Random Map
Map size
Medium (4 player)
Population
200
Speed
Normal
Resources
Standard
Victory
Conquest
Starting age
Dark Age
Ending age
Imperial Age
RankedLock teamsTeams togetherTeam positionsShared explorationLock speedFull tech treeHidden civsTurbo modeCheats
Victory
Defeat
🇺🇸 Romans · United States
920
+15
🇺🇸 Italians · United States
914
+15
🇳🇱 Magyars · Netherlands
908
-16
🇳🇱 Britons · Netherlands
883
-14
Drunk Gecko
10:53 Feudal Age
11:47 Double-Bit Axe
12:33 Horse Collar
18:57 Castle Age
19:50 Scale Barding Armor
19:53 Heavy Plow
20:55 Bow Saw
23:36 Husbandry
25:24 Wheelbarrow
25:06 Town Watch
25:16 Gold Mining
26:40 Chain Barding Armor
27:27 Bloodlines
28:33 Light Cavalry
31:50 Hand Cart
37:48 Imperial Age
35:05 Loom
35:33 Corvinian Army
36:34 Town Patrol
39:55 Crop Rotation
40:07 Cavalier
41:26 Plate Barding Armor
42:17 Conscription
41:52 Hussar
43:59 Two-Man Saw
42:36 Elite Magyar Huszar
48:09 Medium Warships
50:11 Heavy Cavalry Archer
53:36 Scale Mail Armor
54:35 Heavy Warships
55:51 Recurve Bow
58:11 Parthian Tactics
57:53 Thumb Ring
59:27 Siege Engineers
59:43 Ballistics
65:32 Fletching
65:42 Padded Archer Armor
74:24 Bodkin Arrow
80:44 Bracer
82:04 Bracer
83:23 Leather Archer Armor
Pruenza
5:36 Loom
13:07 Feudal Age
14:56 Double-Bit Axe
16:15 Wheelbarrow
20:10 Forging
22:13 Castle Age
20:48 Fletching
23:03 Fishing Lines
23:09 Crossbowman
24:43 Padded Archer Armor
26:00 Bodkin Arrow
29:09 Hand Cart
34:48 Horse Collar
35:21 Bow Saw
36:41 Pikeman
42:36 Imperial Age
45:49 Halberdier
50:25 Two-Man Saw
54:41 Elite Longbowman
54:47 Elite Longbowman
64:41 Leather Archer Armor
64:27 Bracer
65:03 Iron Casting
73:08 Heavy Plow
81:45 Ring Archer Armor
guccicyberdragon
6:17 Loom
10:36 Feudal Age
15:28 Castle Age
13:40 Double-Bit Axe
17:40 Fletching
17:57 Fishing Lines
18:29 Gold Mining
18:53 Gillnets
18:39 Crossbowman
20:11 Horse Collar
23:29 Wheelbarrow
24:33 Bodkin Arrow
26:01 Thumb Ring
29:25 Ballistics
31:05 Heavy Plow
32:04 Hand Cart
32:52 Murder Holes
33:30 Padded Archer Armor
36:43 Imperial Age
34:55 Bloodlines
34:05 Light Cavalry
34:46 Husbandry
34:58 Forging
35:41 Scale Barding Armor
37:35 Chain Barding Armor
37:51 Iron Casting
37:32 Leather Archer Armor
38:25 Chemistry
36:47 Arbalester
37:56 Conscription
38:03 Bracer
37:44 Hussar
39:01 Plate Barding Armor
39:36 Blast Furnace
39:13 Plate Barding Armor
42:01 Ring Archer Armor
44:32 Elite Cannon Galleon
46:43 Bombard Tower
47:57 Onager
49:20 Silk Road
58:12 Elite Genoese Crossbowman
63:26 Medium Warships
67:33 Heavy Warships
72:41 Elite Skirmisher
86:41 Spies/Treason
Eaglian Slimes
11:38 Feudal Age
16:07 Castle Age
14:04 Double-Bit Axe
15:24 Horse Collar
17:29 Scale Mail Armor
21:35 Bow Saw
23:02 Man-at-Arms
24:08 Forging
25:04 Squires
25:34 Long Swordsman
28:56 Loom
29:46 Wheelbarrow
29:18 Heavy Plow
29:40 Town Watch
30:28 Chain Mail Armor
30:48 Iron Casting
34:55 Imperial Age
34:04 Pikeman
35:17 Masonry
35:28 Ballistics
35:45 Scale Barding Armor
36:41 Blast Furnace
35:36 Legionary
38:13 Halberdier
39:23 Comitatenses
39:25 Conscription
39:48 Crop Rotation
41:32 Medium Warships
42:52 Elite Centurion
45:17 Chemistry
44:32 Siege Engineers
48:59 Husbandry
49:09 Bloodlines
59:43 Ballistas
63:54 Caravan
64:48 Heavy Scorpion
83:57 Scale Barding Armor
Connection lost

Rejoining the realm…

Still unreachable

The connection could not be restored.

Session expired

The server has moved on; the page needs a fresh start.